 Dungeon Crawl Stone Soup version 0.31-a0-1570-g93c622d222 (webtiles) character file.

Game seed: 16547467254253927973

118 innerfire43 the Trooper (level 4, 0/36 HPs)
             Began as a Demonspawn Monk on Jan 3, 2024.
             Killed from afar by a dart slug (4 damage)
             ... with a slug dart
             ... on level 3 of the Dungeon.
             The game lasted 00:02:10 (1908 turns).

innerfire43 the Trooper (Demonspawn Monk)           Turns: 1908, Time: 00:02:11

Health: 0/36       AC:  2    Str: 13    XL:     4   Next: 72%
Magic:  6/6        EV: 13    Int: 10    God:
Gold:   93         SH:  0    Dex: 16    Spells: 3/3 levels left

rFire   . . .        a - +0 hand axe
rCold   . . .        d - orb {light}
rNeg    . . .        b - +0 robe
rPois   .            (no helmet)
rElec   .            (no cloak)
rCorr   .            (no gloves)
SInv    .            (no boots)
Will    .....        (no amulet)
Stlth   +            (no ring)
HPRegen 0.26/turn    (no ring)
MPRegen 0.20/turn

%: no passive effects
@: glowing
A: demonic guardian 2, magic regeneration
a: no special abilities


You were on level 3 of the Dungeon.
You visited 1 branch of the dungeon, and saw 3 of its levels.

You collected 93 gold pieces.

Inventory:

Hand Weapons
 a - a +0 hand axe (weapon)
Armour
 b - a +0 robe (worn)
 d - an orb of light (worn)
Scrolls
 g - 2 scrolls of teleportation {unknown}
 i - a scroll of amnesia {unknown}
 j - a scroll of identify {unknown}
 k - a scroll of immolation {unknown}
 l - a scroll of enchant weapon {unknown}
Potions
 c - 2 potions of ambrosia
 e - a potion of attraction {unknown}
 f - a potion of enlightenment {unknown}
 h - a potion of curing {unknown}
 m - a potion of haste {unknown}


   Skills:
 + Level 3.6 Fighting
 + Level 3.2 Axes
 + Level 3.2 Dodging
 * Level 3.5 Invocations


You had 3 spell levels left.
You didn't know any spells.
Your spell library contained the following spells:

 Spells                   Type           Power      Damage    Failure   Level
 Apportation              Tloc           0%         N/A       36%         1
 Call Imp                 Summ           0%         N/A       50%         2
 Jinxbite                 Hex            0%         N/A       50%         2
 Sublimation of Blood     Necr           0%         N/A       50%         2
 Fugue of the Fallen      Necr           0%         N/A       75%         3
 Gell's Gravitas          Tloc           0%         N/A       75%         3
 Ozocubu's Armour         Ice            0%         N/A       75%         3
 Teleport Other           Tloc           0%         N/A       75%         3
 Manifold Assault         Tloc           0%         N/A       98%         4
 Alistair's Intoxication  Alch           0%         N/A       100%        5
 Dispersal                Tloc           0%         N/A       100%        6
 Summon Hydra             Summ           0%         N/A       100%        7


Dungeon Overview and Level Annotations

Branches:
Dungeon (3/15)

Altars:


Innate Abilities, Weirdness & Mutations

A demonic guardian rushes to your aid.
You regenerate magic rapidly.


Message History

The orc completely misses your rust devil.
Your rust devil hits the orc.
The orc dies!
Your rust devil closely misses the orc.
The orc hits your rust devil but does no damage.
Your rust devil hits the orc.
Your rust devil corrodes the orc!
The orc hits your rust devil but does no damage.
Your rust devil hits the orc!
The orc dies!
Your rust devil barely misses the orc.
The orc hits your rust devil but does no damage.
Your rust devil hits the orc.
Your rust devil corrodes the orc!
The orc misses your rust devil.
Your rust devil closely misses the orc.
The rat bites you.
* * * LOW HITPOINT WARNING * * *
You hit the rat.
You kill the rat!
The orc hits your rust devil but does no damage.
Your rust devil hits the orc!
The orc dies!
A dart slug comes into view.
You swap places.
Found a book of Battle.
Items here: ))))) [[[[ †††.
Found 8 gold pieces.
Found a scroll labelled ZOMMYI TAUCYL.
Your rust devil disappears in a puff of smoke!
You pick up a book of Battle and begin reading...
You add the spells Fugue of the Fallen, Ozocubu's Armour and Manifold Assault to your library.
The dart slug launches a dart at you. The slug dart hits you.
* * * LOW HITPOINT WARNING * * *
A demonic guardian appears!
The dart slug launches a dart at you. The slug dart hits you.
* * * LOW HITPOINT WARNING * * *
You see here 8 gold pieces.
The dart slug launches a dart at you. The slug dart hits you.
You die...

###########
#..?......#
#.........#
#..$......#
#.........#
#.@.......#
#.........#
#....4....#
#.........#
#....w....#
#..###.#####
#..# #)# ..#
#.# .# #.#


You could see a dart slug (ally target) and a friendly rust devil (summoned).

Vanquished Creatures
  An orc priest (D:3)
  Jessica (D:3)
  2 adders
  An orc (D:3)
  2 ball pythons
  3 bats (D:1)
  3 endoplasms
  2 giant cockroaches
  5 goblins
  3 hobgoblins
  2 quokkas (D:2)
  A frilled lizard (D:2)
  5 kobolds
  9 rats
40 creatures vanquished.

Vanquished Creatures (collateral kills)
  3 orcs (D:3)
3 creatures vanquished.

Grand Total: 43 creatures vanquished

Notes
Turn   | Place    | Note
-------+----------+-------------------------------------------
     0 | D:1      | innerfire43 the Demonspawn Monk began the quest for the
                  | Orb.
     0 | D:1      | Reached XP level 1. HP: 18/18 MP: 1/1
   115 | D:1      | Reached skill level 1 in Invocations
   123 | D:1      | Gained mutation: You regenerate magic rapidly. [demonic
                  | ancestry]
   123 | D:1      | Reached XP level 2. HP: 21/24 MP: 2/2
   263 | D:1      | You fall into a shaft and drop 1 floor!
  1130 | D:2      | Gained mutation: A weak demonic guardian rushes to your
                  | aid. [demonic ancestry]
  1130 | D:2      | Reached XP level 3. HP: 29/29 MP: 4/4
  1578 | D:2      | Found a faded altar of an unknown god.
  1762 | D:3      | Noticed Jessica
  1768 | D:3      | Killed Jessica
  1769 | D:3      | Gained mutation: A demonic guardian rushes to your aid.
                  | [demonic ancestry]
  1769 | D:3      | Reached XP level 4. HP: 17/35 MP: 4/6
  1908 | D:3      | Killed from afar by a dart slug

Illustrated notes

Levels and vault maps discovered:
D:1:      scummos_arrival_star, layout_basic
D:2:      layout_loops_ring, hellmonk_ecumenical_altar_run_dry
D:3:      layout_rooms, nicolae_gozag_cash_rules_everything_around_me,
          mainiacjoe_overflow_cross_hatched, uniq_jessica,
          uniq_crazy_yiuf_cottage

Skill      XL: |  1  2  3 |
---------------+----------+-----
Invocations    | 1 2 3 |  3.5
Axes           | 3 |  3.2
Dodging        | 3 |  3.2
Fighting       | |  3.6

Action                     |  1- 3 |  4- 6 || total
---------------------------+-------+-------++-------
  Melee: Hand axe          |    95 |    25 ||   120
   Stab: Distracted        |     1 |       ||     1
 Armour: Robe              |    39 |    13 ||    52
  Dodge: Dodged            |    58 |    14 ||    72

Table legend: (Time is in decaauts)
 A = Elapsed time spent in this place.
 B = Non-inter-level travel time spent in this place.
 C = Inter-level travel time spent in this place.
 D = Time resting spent in this place.
 E = Time spent auto-exploring this place.
 F = Levels seen in this place.
 G = Mean time per level.
                   A        B        C        D        E       F      G
               +--------+--------+--------+--------+--------+-----+--------+
         Total |   1931 |   1907 |     24 |      0 |   1540 |   3 |  643.7 |
       Dungeon |   1931 |   1907 |     24 |      0 |   1540 |   3 |  643.7 |
               +--------+--------+--------+--------+--------+-----+--------+

Top non-repeatable levels by time:
     D:1: 1048 daAuts
     D:2: 727 daAuts
     D:3: 155 daAuts
